 Dungeon Crawl Stone Soup version 0.29-a0-653-gd47aff6735 (webtiles) character file.

Game seed: 6282633437288225213

50175 zeratav the Marksspriggan (level 14, -5/77 HPs)
             Began as a Spriggan Arcane Marksman on June 21, 2022.
             Was a High Priest of Dithmenos.
             Killed from afar by an orc sorcerer (7 damage)
             ... with a bolt of fire
             ... while paralysed by an orc sorcerer
             ... on level 1 of the Orcish Mines.
             The game lasted 00:43:22 (16933 turns).

zeratav the Marksspriggan (SpAM)                   Turns: 16933, Time: 00:43:23

Health: -5/77      AC:  3    Str:  6    XL:     14   Next: 18%
Magic:  14/17      EV:  4    Int: 16    God:    Dithmenos [*****.]
Gold:   950        SH:  0    Dex: 19    Spells: 10/15 levels left

rFire   + + .      SeeInvis +   E - +5 shortbow (flame) {bow}
rCold   + . .      Faith    .   (shield currently unavailable)
rNeg    . . .      Spirit   .   Q - +1 robe {rC+ rF+}
rPois   .          Reflect  .   P - +0 hat
rElec   .          Harm     .   (no cloak)
rCorr   .          Rampage  .   (gloves unavailable)
Will    ++...                   (boots unavailable)
Stlth   ++++++++..              d - amulet of regeneration {@e2}
HPRegen 1.02/turn               F - ring of protection from fire
MPRegen 0.15/turn               (no ring)

@: paralysed, wreathed by umbra, very quick
A: very small, no large weapons, unfitting armour, see invisible, speed 3
a: Renounce Religion, Shadow Step, Shadow Form


You were on level 1 of the Orcish Mines.
You worshipped Dithmenos.
Dithmenos was extremely pleased with you.
You visited 3 branches of the dungeon, and saw 18 of its levels.
You also visited: Ossuary and Ice Cave.

You collected 1186 gold pieces.
You spent 236 gold pieces at shops.


Innate Abilities, Weirdness & Mutations

You are very small and have problems with some larger weapons.
You are too small for most types of armour.
You have supernaturally acute eyesight. (SInv)
You cover ground extremely quickly. (Speed+++)


   Skills:
 - Level 10.0 Fighting
 - Level 16.0 Bows
 - Level 15.0 Dodging
 - Level 10.0 Stealth
 - Level 1.3 Spellcasting
 + Level 12.2 Hexes
 - Level 10.0 Evocations


You had 10 spell levels left.
You knew the following spells:

 Your Spells              Type           Power      Damage    Failure   Level
a - Slow                  Hex            100%       N/A       1%          1
b - Cause Fear            Hex            20%        N/A       1%          4

Your spell library contained the following spells:

 Spells                   Type           Power      Damage    Failure   Level
 Confusing Touch          Hex            40%        N/A       1%          3
 Tukima's Dance           Hex            40%        N/A       1%          3
 Inner Flame              Hex/Fire       20%        N/A       5%          3
 Portal Projectile        Hex/Tloc       40%        N/A       5%          3
 Apportation              Tloc           2%         N/A       22%         1
 Magic Dart               Conj           4%         1d3       22%         1
 Necrotize                Necr           4%         1d4       22%         1
 Sandblast                Erth           2%         2d4       22%         1
 Shock                    Conj/Air       4%         1d3       22%         1
 Summon Small Mammal      Summ           4%         N/A       22%         1
 Call Imp                 Summ           1%         N/A       32%         2
 Passwall                 Tmut/Erth      0%         N/A       32%         2
 Poisonous Vapours        Pois/Air       2%         N/A       32%         2
 Silence                  Hex/Air        10%        N/A       45%         5
 Frozen Ramparts          Ice            2%         1d2       54%         3
 Mephitic Cloud           Conj/Pois/Air  1%         N/A       54%         3
 Stone Arrow              Conj/Erth      2%         3d7       54%         3
 Swiftness                Air            1%         N/A       54%         3
 Vampiric Draining        Necr           1%         2d6       54%         3
 Airstrike                Air            0%         N/A       91%         4
 Animate Dead             Necr           1%         N/A       91%         4
 Corpse Rot               Necr/Pois/Air  1%         N/A       91%         4
 Ice Form                 Ice/Tmut       1%         N/A       91%         4
 Passage of Golubria      Tloc           1%         N/A       91%         4
 Summon Ice Beast         Ice/Summ       1%         N/A       91%         4
 Blade Hands              Tmut           0%         N/A       99%         5
 Borgnjor's Vile Clutch   Necr/Erth      0%         N/A       99%         5
 Fireball                 Conj/Fire      0%         3d3       99%         5
 Freezing Cloud           Conj/Ice/Air   0%         6-21      99%         5
 Lightning Bolt           Conj/Air       0%         1d11      99%         5
 Death Channel            Necr           0%         N/A       100%        6
 Starburst                Conj/Fire      0%         6d3       100%        6
 Ozocubu's Refrigeration  Ice            0%         4d5       100%        7
 Ignition                 Fire           0%         3d3       100%        8
 Lehudib's Crystal Spear  Conj/Erth      0%         10d2      100%        8

Inventory:

Hand Weapons
 q - the +3 short sword "Qeegur" {antimagic, rC+ rN+ Dex+6, short}
   (You found it on level 2 of the Dungeon)

   It reduces the magical energy of the wielder, and disrupts the spells and
   magical abilities of those it strikes.
   Natural abilities and divine invocations are not affected.
   Dex:       It affects your dexterity (+6).
   rC:        It protects you from cold.
   rN:        It protects you from negative energy.
 u - the +7 dagger of Wu Jian, Twisting {drain, rElec, short}
   (You found it on level 7 of the Dungeon)

   A truly terrible weapon, it drains the life of any living foe it strikes.
   rElec:     It insulates you from electricity.
 E - a +5 shortbow of flaming (weapon) {bow}
   (You bought it in a shop on level 1 of the Dungeon)
Armour
 J - +0 steam dragon scales
   (You found it on level 7 of the Dungeon)
 P - a +0 hat (worn)
   (You found it in an ice cave)
 Q - a +1 robe of resistance (worn)
   (You found it in an ice cave)
Jewellery
 d - an amulet of regeneration (around neck) {@e2}
   (You found it on level 1 of the Dungeon)
 F - a ring of protection from fire (left hand)
   (You found it on level 5 of the Dungeon)
 G - an amulet of the acrobat
   (You found it on level 5 of the Dungeon)
 M - a ring of positive energy
   (You found it on level 2 of the Lair of Beasts)
 O - a ring of poison resistance
   (You found it on level 6 of the Lair of Beasts)
Wands
 f - a wand of iceblast (6)
   (You found it on level 7 of the Dungeon)
 H - a wand of flame (30)
   (You found it on level 5 of the Dungeon)
 K - a wand of quicksilver (4)
   (You found it on level 1 of the Lair of Beasts)
 L - a wand of paralysis (8)
   (You found it on level 1 of the Lair of Beasts)
 S - a wand of mindburst (6)
   (You found it on level 6 of the Lair of Beasts)
Scrolls
 b - 2 scrolls of magic mapping {!r}
 c - 2 scrolls of vulnerability {!r!r}
 e - 4 scrolls of fear
 i - 3 scrolls of immolation {!r!r}
 o - 2 scrolls of silence {!r}
 r - 2 scrolls of brand weapon
 s - a scroll of amnesia
 w - 5 scrolls of teleportation {@r4}
 y - a scroll of enchant armour
 B - a scroll of poison {!r}
 C - 2 scrolls of torment {!r}
 N - 2 scrolls of blinking {!r}
 R - a scroll of identify {@r1}
Potions
 a - 2 potions of invisibility
 g - 12 potions of curing {@q1}
 h - 2 potions of lignification {!q}
 j - 3 potions of mutation {!q}
 k - 5 potions of heal wounds {unknown}
 l - 4 potions of haste {unknown}
 m - 2 potions of degeneration {unknown}
 n - 5 potions of might {unknown}
 p - a potion of attraction {unknown}
 t - 4 potions of ambrosia {unknown}
 v - a potion of cancellation {unknown}
 x - 2 potions of berserk rage {unknown}
 z - 5 potions of magic {unknown}
 A - 7 potions of brilliance {unknown}
 D - 2 potions of flight {unknown}
 I - a potion of resistance {unknown}

Dungeon Overview and Level Annotations

Branches:
Dungeon (10/15) Zot: 26933  Temple (0/1) D:6            Lair (6/6) D:8 Zot: 25380
  Swamp (0/4) Lair:4        Snake (0/4) Lair:3        Slime (0/5) Lair:5
    Orc (2/2) D:9 Zot: 11813 Ossuary (visited)           IceCv (visited)
    Elf: Orc:2

Altars:
Dithmenos
Fedhas
Kikubaaqudgha
Nemelex Xobeh
Okawaru
Ru
Trog
Uskayaw
Wu Jian
Xom
Yredelemnul
Zin
Beogh
Jiyva

Shops:
D:1 (   D:5 *   Orc:2 [

Portals:
Abyss: D:4

Annotations:
D:4 2 transporters, HuGe's ghost, amateur MiBe
Lair:6 1 runed translucent door, Foxy's ghost, journeyman TrBr

#...#.# ##
##..#...## .#.##
.....#.#.## ....#.
..........###......
...........#.......
#.........##.....#
..#...>.#......###
..........§O§......
.......o.§o@§§.....
...#o....§§§§§.....
..O.o.o...§§§§..##.
.o.oo...........#
#.O.#..........$..
.o.###.$...........
.T #..............
#.......#...#.#


You could see an orc sorcerer (strong) and an ogre.


Message History

A troll comes into view.
A two-headed ogre comes into view.
It is wielding two +0 giant spiked clubs.
You shoot an arrow.
The arrow closely misses the deep troll.
The arrow barely misses the troll.
The two-headed ogre shouts in stereo!
You hear a shout! x5
You shoot an arrow. The arrow hits the deep troll!
The arrow burns the deep troll.
You hear a shout!
You hear two shouts!
You hear a shout!
A two-headed ogre comes into view.
It is wielding a +0 dire flail and a +0 giant club.
You hear a shout!
You shoot an arrow. The arrow hits the deep troll.
The arrow burns the deep troll.
You hear a shout!
A two-headed ogre comes into view.
It is wielding a +0 giant club and a +0 giant spiked club.
A two-headed ogre comes into view. It is wielding two +0 giant clubs.
You shoot an arrow. The arrow barely misses the deep troll.
The two-headed ogre shouts in stereo!
The arrow hits the troll but does no damage.
You hear two shouts!
A cyclops comes into view.
You shoot an arrow. The arrow hits the deep troll!
The arrow burns the deep troll.
A troll comes into view.
You shoot an arrow. The arrow hits the deep troll!!
The arrow burns the deep troll.
You kill the deep troll!
Dithmenos accepts your kill. 3 ogres come into view.
The ogre shouts!
The troll misses you. The troll completely misses you.
The troll barely misses you.
An ogre mage comes into view. It is wielding a +0 spear.
A two-headed ogre comes into view.
It is wielding a +0 giant spiked club and a +0 giant club.
The ogre moves out of view.
Casting: Slow (safe; 1% risk of failure)
Confirm with . or Enter, or press ? or * to list all spells.
You don't know that spell.
Casting: Slow (safe; 1% risk of failure)
Confirm with . or Enter, or press ? or * to list all spells.
Casting: Cause Fear (dangerous; 1% risk of failure)
Press: ? - help, Dir - look around, f - activate The ogre easily resists.
The two-headed ogre resists with almost no effort. x2
The two-headed ogre looks frightened! x2
The ogre mage resists with almost no effort.
The two-headed ogre looks frightened!
The troll looks frightened! x3
The cyclops looks frightened!
The troll looks frightened!
The ogre looks frightened!
The ogre mage shouts!
You hear a shout!
An ogre comes into view. It is wielding a +0 giant spiked club.
A two-headed ogre comes into view. It is wielding two +0 giant clubs.
An ogre comes into view. It is wielding a +0 giant club.
MP[-4]
You lost 4 mp, and now have 13/17 mp.
A deep troll, a troll, a two-headed ogre and 4 ogres come into view.
The two-headed ogre is wielding a +0 giant club and a +2 dire flail of protection.
A cyclops comes into view.
An ogre comes into view. It is wielding a +0 giant spiked club.
The two-headed ogre howls in fear.
An ogre mage comes into view. It is wielding a +0 spear.
A two-headed ogre and 2 ogres come into view.
A troll and 2 ogres come into view.
There is a stone staircase leading up here.
You climb upwards.
The orc sorcerer shouts!
The orc shouts! x3; The orc warrior shouts!
You hear a howl!
You hear a shout!
The ogre shouts!
The orc sorcerer hits you with a +0 dagger!
The orc sorcerer shouts!
An orc warlord comes into view. It is wielding a +0 long sword.
There is a stone staircase leading down, spattered with blood here.
HP[-7]
You take 7 damage, and now have 70/77 hp.
A troll and an orc come into view.
The ogre shouts!
The troll shouts!
HP[+1]
You hear a shout!
The ogre completely misses you.
HP[+1] Shoot: E) +5 shortbow (flame) {bow}
Press: ? - help, Q - select action, (/) - cycle Shift-Dir - straight line, f - ogre
Aim: an ogre, wielding a +0 giant club (umbra, 84% to hit)
You shoot an arrow. The arrow hits the ogre.
The arrow burns the ogre.
MP[+1]
The orc sorcerer points at you and mumbles some strange words.
You suddenly lose the ability to move!
The orc warrior throws a boomerang.
The boomerang hits you!
The ogre hits you with a +0 giant club!!
* * * LOW HITPOINT WARNING * * *
You emit a cloud of dark smoke.
The orc warlord roars a battlecry!
The orcs go into a battle-frenzy!
The orc sorcerer mumbles some strange words.
You hear a howl!
The ogre hits you with a +0 giant club!!
* * * LOW HITPOINT WARNING * * *
You emit a cloud of dark smoke.
The orc sorcerer points at you and mumbles some strange words.
The bolt of fire hits you! You resist.
You die...

Skill      XL: |  1  2  3  4  5  6  7  8  9 10 11 12 13 14 |
---------------+-------------------------------------------+-----
Bows           | 3 4 5 6 7 9 10 13 16 | 16.0
Stealth        | 5 10 | 10.0
Dodging        | 5 10 15 | 15.0
Fighting       | 5 10 | 10.0
Evocations     | 3 10 | 10.0
Hexes          | 10 12 | 12.2
Spellcasting   | |  1.3

Action                   |  1- 3 |  4- 6 |  7- 9 | 10-12 | 13-15 || total
-------------------------+-------+-------+-------+-------+-------++-------
 Fire: Shortbow          |   133 |   404 |   312 |   726 |   656 ||  2231
 Cast: Slow              |     3 |     4 |     1 |     6 |     1 ||    15
       Cause Fear        |       |       |       |       |     5 ||     5
Evoke: Wand              |       |       |       |     3 |       ||     3
  Use: Scroll            |       |       |     9 |    12 |     4 ||    25
Armor: Robe              |     3 |    15 |     3 |       |     1 ||    22
       Steam dragon scal |       |       |     1 |     8 |     1 ||    10
Dodge: Dodged            |    38 |   110 |    28 |   106 |    73 ||   355

Levels and vault maps discovered:
D:1:      nzn_arrival_crosshair, layout_basic, serial_shops,
          nicolae_shop_statue_plus, roderic_roman_lattice, minmay_tripent
D:2:      layout_rooms, basic_altar, shapermc_ecumenical_altar_mp_urbaneastern,
          minivault_14, minmay_fractal_squares_gapless_5
D:3:      layout_basic, mainiacjoe_overflow_boulevard,
          grunt_temple_overflow_diamond, hangedman_decor_points,
          grunt_ministairs_3, serial_park_tiny_1, minmay_quantized, uniq_terence
D:4:      layout_basic, gammafunk_ghost_abyssal_escape,
          nicolae_ossuary_entry_giza, eino_tiny_chamber, minmay_vboxes
D:5:      layout_loops_ring, zin_purify, nzn_wu_jian_contemplation,
          uniq_menkaure, uniq_pikel
D:6:      layout_loops_corners, lemuel_round_altar, temple_fountains,
          palyth_stone_intersect
D:7:      layout_loops_ring, overflow_temple_1_default
D:8:      layout_loops_ring, general_overflow_altar, lair_entry_dummy
D:9:      layout_loops_ring, david_orc_5
D:10:     layout_rooms, serial_shops, kennysheep_mini_moat, minivault_8
Lair:1:   layout_cave_shapes, lemuel_fruit_fields
Lair:2:   layout_cave_pods, minmay_lair_oklob_items
Lair:3:   layout_hall_layers, guppyfry_snake_entry_island
Lair:4:   layout_cave_pods, minmay_swamp_entry_worms, grunt_megastairs_2
Lair:5:   layout_layer_cave, slime_altar_1
Lair:6:   evilmike_catoblepas_cave, layout_cave_shapes,
          portal_ice_cave_entry_imps, ebering_ghost_xom,
          nzn_masters_of_martial_movement
Orc:1:    layout_caves
Orc:2:    st_orc_open, layout_caves, gammafunk_ghost_necromancy,
          hellmonk_bongcloud_opening

Notes
Turn   | Place    | Note
-------+----------+-------------------------------------------
     0 | D:1      | zeratav the Spriggan Arcane Marksman began the quest for
                  | the Orb.
     0 | D:1      | Reached XP level 1. HP: 9/9 MP: 3/3
     0 | D:1      | magus.rc [v1.9.6]
    37 | D:1      | Reached skill level 3 in Bows
    62 | D:1      | Reached XP level 2. HP: 14/14 MP: 5/5
   585 | D:1      | Reached skill level 4 in Bows
   737 | D:1      | Found Tirucile's Weapon Shoppe.
   854 | D:1      | Reached XP level 3. HP: 17/17 MP: 6/6
   901 | D:2      | Found a faded altar of an unknown god.
   959 | D:2      | You pick up a book of the Moon and begin reading...
   959 | D:2      | You add the spells Passage of Golubria, Silence and
                  | Lehudib's Crystal Spear to your library.
  1005 | D:2      | Reached skill level 5 in Bows
  1099 | D:2      | Reached XP level 4. HP: 21/21 MP: 7/7
  1365 | D:2      | Identified the +3 short sword "Qeegur" {antimagic, rC+ rN+
                  | Dex+6}
  1468 | D:2      | Found a bloodstained altar of Trog.
  1669 | D:3      | Noticed Terence
  1697 | D:3      | Killed Terence
  1698 | D:3      | Reached skill level 6 in Bows
  1758 | D:3      | Found a blossoming altar of Fedhas.
  1762 | D:3      | Found a sacrificial altar of Ru.
  1768 | D:3      | Found an ancient bone altar of Kikubaaqudgha.
  1937 | D:3      | Reached XP level 5. HP: 25/25 MP: 8/8
  1979 | D:3      | Reached skill level 7 in Bows
  2119 | D:3      | Found an iron altar of Okawaru.
  2274 | D:3      | Reached XP level 6. HP: 29/29 MP: 9/9
  2366 | D:4      | You pick up a book of Vapours and begin reading...
  2366 | D:4      | You add the spells Poisonous Vapours and Corpse Rot to your
                  | library.
  2406 | D:3      | Reached skill level 8 in Bows
  2734 | D:4      | You pick up a book of Cantrips and begin reading...
  2734 | D:4      | You add the spells Necrotize, Summon Small Mammal and
                  | Apportation to your library.
  2843 | D:4      | Found a one-way gate to the infinite horrors of the Abyss.
  2843 | D:4      | Noticed HuGe's ghost (amateur MiBe)
  2853 | D:4      | Found a transporter.
  2861 | D:4      | Noticed a small abomination
  2877 | D:4      | Found a sand-covered staircase.
  2891 | Ossuary  | Entered an ossuary
  3277 | Ossuary  | Reached skill level 9 in Bows
  3278 | Ossuary  | Noticed Menkaure
  3281 | Ossuary  | Killed Menkaure
  3282 | Ossuary  | Reached XP level 7. HP: 32/32 MP: 10/10
  3372 | D:4      | You pick up a book of Unlife and begin reading...
  3372 | D:4      | You add the spells Animate Dead, Borgnjor's Vile Clutch and
                  | Death Channel to your library.
  3467 | D:1      | Bought a +3 vorpal shortbow for 236 gold pieces
  3653 | D:4      | Found a transporter.
  3732 | D:5      | Entered Level 5 of the Dungeon
  3749 | D:5      | HP: 3/32 [ogre/+0 giant club (19)]
  3805 | D:4      | Reached skill level 10 in Bows
  3805 | D:4      | Reached skill level 2 in Stealth
  3873 | D:5      | Reached skill level 3 in Stealth
  3942 | D:5      | Reached skill level 5 in Stealth
  4002 | D:5      | Found Zin's Purification Station.
  4015 | D:5      | Found a glowing silver altar of Zin.
  4020 | D:5      | Reached XP level 8. HP: 37/37 MP: 11/11
  4224 | D:5      | Found an ornate altar of the Wu Jian Council.
  4564 | D:5      | Reached skill level 11 in Bows
  4730 | D:6      | Found a shadowy altar of Dithmenos.
  4737 | D:6      | Became a worshipper of Dithmenos the Shadowed
  4935 | D:6      | Found a staircase to the Ecumenical Temple.
  5041 | D:6      | Reached skill level 12 in Bows
  5232 | D:6      | You pick up a book of Weapons and begin reading...
  5232 | D:6      | You add the spells Tukima's Dance and Blade Hands to your
                  | library.
  5583 | D:6      | Reached skill level 13 in Bows
  5766 | D:7      | Found a sparkling altar of Nemelex Xobeh.
  5818 | D:7      | Reached * piety under Dithmenos
  5833 | D:7      | Reached XP level 9. HP: 40/40 MP: 12/12
  5976 | D:7      | Reached skill level 14 in Bows
  6262 | D:7      | Identified the +7 dagger of Wu Jian, Twisting {drain,
                  | rElec}
  6295 | D:7      | Reached skill level 15 in Bows
  6715 | D:8      | You pick up a book of Minor Magic and begin reading...
  6715 | D:8      | You add the spells Magic Dart, Call Imp and Mephitic Cloud
                  | to your library.
  6879 | D:8      | Found a basalt altar of Yredelemnul.
  6897 | D:8      | Reached skill level 16 in Bows
  6897 | D:8      | Reached skill level 3 in Dodging
  6902 | D:8      | Reached skill level 4 in Dodging
  6954 | D:8      | Reached skill level 5 in Dodging
  6954 | D:8      | Reached XP level 10. HP: 44/44 MP: 13/13
  6954 | D:8      | Reached ** piety under Dithmenos
  7211 | D:8      | Found a staircase to the Lair.
  7298 | D:9      | HP: 7/44 [acid dragon/splash of acid (25)]
  7388 | D:9      | Reached skill level 6 in Dodging
  7423 | D:8      | Reached skill level 7 in Dodging
  7480 | D:8      | Reached skill level 8 in Dodging
  7507 | D:9      | Noticed a two-headed ogre
  7537 | D:8      | Killed a two-headed ogre
  7538 | D:8      | Reached skill level 9 in Dodging
  7582 | D:9      | You pick up a book of Air and begin reading...
  7582 | D:9      | You add the spells Shock, Swiftness and Airstrike to your
                  | library.
  7655 | D:9      | You pick up a book of Geomancy and begin reading...
  7655 | D:9      | You add the spells Sandblast, Passwall and Stone Arrow to
                  | your library.
  7688 | D:9      | Found a staircase to the Orcish Mines.
  7781 | D:9      | Reached skill level 10 in Dodging
  7781 | D:9      | Reached skill level 1 in Fighting
  7850 | D:9      | Reached skill level 2 in Fighting
  8330 | D:10     | Entered Level 10 of the Dungeon
  8384 | Lair:1   | Entered Level 1 of the Lair of Beasts
  8427 | Lair:1   | Reached skill level 3 in Fighting
  8430 | Lair:1   | Noticed a cane toad
  8461 | Lair:1   | Killed a cane toad
  8462 | Lair:1   | Reached skill level 4 in Fighting
  8519 | Lair:1   | Reached skill level 5 in Fighting
  8532 | Lair:1   | Reached *** piety under Dithmenos
  8533 | Lair:1   | Reached XP level 11. HP: 56/56 MP: 14/14
  8620 | Lair:1   | Reached skill level 6 in Fighting
  8671 | Lair:1   | Noticed a five-headed hydra
  8680 | Lair:1   | Killed a five-headed hydra
  8886 | Lair:2   | Noticed a seven-headed hydra
  8894 | Lair:2   | Killed a seven-headed hydra
  8895 | Lair:2   | Reached skill level 7 in Fighting
  9219 | Lair:2   | Reached skill level 8 in Fighting
  9559 | Lair:2   | Noticed an oklob plant
  9566 | Lair:2   | HP: 11/60 [oklob plant/splash of acid (25)]
  9622 | Lair:2   | Killed an oklob plant
  9623 | Lair:2   | Reached skill level 9 in Fighting
  9797 | Lair:2   | You add the spells Freezing Cloud and Lightning Bolt to
                  | your library.
  9797 | Lair:2   | Got Sif Muna's Volume of Flight
 10387 | Lair:3   | Found a staircase to the Snake Pit.
 10401 | Lair:3   | You pick up a book of Fire and begin reading...
 10401 | Lair:3   | You add the spells Fireball, Starburst and Ignition to your
                  | library.
 10657 | Lair:4   | Noticed a four-headed hydra
 10663 | Lair:4   | Killed a four-headed hydra
 10664 | Lair:4   | Reached skill level 10 in Fighting
 10664 | Lair:4   | Reached skill level 1 in Evocations
 10685 | Lair:4   | Noticed a five-headed hydra
 10697 | Lair:4   | Killed a five-headed hydra
 10698 | Lair:4   | Reached skill level 3 in Evocations
 10698 | Lair:4   | Reached XP level 12. HP: 67/67 MP: 15/15
 10734 | Lair:4   | You pick up a book of Debilitation and begin reading...
 10734 | Lair:4   | You add the spells Vampiric Draining and Confusing Touch to
                  | your library.
 10765 | Lair:4   | Reached skill level 4 in Evocations
 10785 | Lair:4   | Reached skill level 5 in Evocations
 10872 | Lair:4   | Identified the +7 hand axe of Integrity {vorpal, rC+ Will+}
 11479 | Lair:4   | Found a staircase to the Swamp.
 11678 | Lair:5   | Reached skill level 6 in Evocations
 11787 | Lair:5   | Reached skill level 7 in Evocations
 11872 | Lair:5   | Reached skill level 8 in Evocations
 11971 | Lair:5   | Noticed a death yak
 11973 | Lair:5   | Noticed a death yak
 11974 | Lair:5   | Noticed a death yak
 11977 | Lair:5   | Noticed a death yak
 12010 | Lair:5   | Killed a death yak
 12036 | Lair:5   | Killed a death yak
 12037 | Lair:5   | Reached skill level 9 in Evocations
 12091 | Lair:5   | Killed a death yak
 12092 | Lair:5   | Reached skill level 10 in Evocations
 12142 | Lair:5   | Killed a death yak
 12143 | Lair:5   | Reached skill level 4 in Hexes
 12165 | Lair:5   | Reached skill level 5 in Hexes
 12230 | Lair:5   | Reached skill level 6 in Hexes
 12233 | Lair:5   | Reached **** piety under Dithmenos
 12254 | Lair:5   | Reached skill level 7 in Hexes
 12387 | Lair:5   | Found a staircase to the Slime Pits.
 12387 | Lair:5   | Found a viscous altar of Jiyva.
 12857 | Lair:6   | Entered Level 6 of the Lair of Beasts
 12857 | Lair:6   | Noticed a catoblepas
 12937 | Lair:6   | Noticed a seven-headed hydra
 12939 | Lair:6   | Noticed a five-headed hydra
 12948 | Lair:6   | Killed a seven-headed hydra
 12949 | Lair:6   | Reached skill level 8 in Hexes
 12956 | Lair:6   | Noticed a death yak
 13067 | Lair:6   | Killed a catoblepas
 13108 | Lair:6   | Reached skill level 9 in Hexes
 13193 | Lair:6   | Noticed a five-headed hydra
 13197 | Lair:6   | Killed a five-headed hydra
 13198 | Lair:6   | Reached skill level 10 in Hexes
 13198 | Lair:6   | Reached XP level 13. HP: 72/72 MP: 16/16
 13251 | Lair:6   | Reached skill level 6 in Stealth
 13312 | Lair:6   | Found a frozen archway.
 13313 | Lair:6   | Found a runed translucent door.
 13314 | Lair:6   | Found a shimmering altar of Xom.
 13314 | Lair:6   | Noticed Foxy's ghost (journeyman TrBr)
 13338 | Lair:6   | HP: 18/72 [white imp/puff of frost (5)]
 13340 | IceCv    | Entered an ice cave
 13416 | IceCv    | Reached skill level 7 in Stealth
 13469 | IceCv    | Reached skill level 8 in Stealth
 13613 | IceCv    | Reached skill level 9 in Stealth
 13651 | IceCv    | HP: 13/72 [demonic crawler simulacrum (20)]
 13911 | IceCv    | Reached skill level 10 in Stealth
 13924 | IceCv    | Learned a level 4 spell: Cause Fear
 14017 | IceCv    | HP: 13/72 [ice statue] (6)]
 14124 | IceCv    | Reached skill level 11 in Dodging
 14224 | IceCv    | Reached ***** piety under Dithmenos
 14309 | IceCv    | Found a viscous altar of Jiyva.
 14309 | IceCv    | Noticed an azure jelly
 14402 | IceCv    | Killed an azure jelly
 14403 | IceCv    | Reached skill level 12 in Dodging
 14455 | IceCv    | Noticed a quicksilver ooze
 14468 | IceCv    | Killed a quicksilver ooze
 14585 | IceCv    | You add the spells Summon Ice Beast and Ozocubu's
                  | Refrigeration to your library.
 14585 | IceCv    | Got the Grimoire of Snow
 14903 | Lair:6   | Reached skill level 13 in Dodging
 15067 | Lair:6   | You pick up a book of Rime and begin reading...
 15067 | Lair:6   | You add the spells Frozen Ramparts and Ice Form to your
                  | library.
 15073 | Lair:6   | Found an ornate altar of the Wu Jian Council.
 15075 | Lair:6   | Found a hide-covered altar of Uskayaw.
 15470 | Lair:6   | Reached skill level 14 in Dodging
 15740 | Lair:6   | Reached skill level 15 in Dodging
 15838 | Lair:6   | Reached XP level 14. HP: 77/77 MP: 17/17
 15950 | Lair:6   | Reached skill level 11 in Hexes
 16643 | Orc:1    | Entered Level 1 of the Orcish Mines
 16720 | Orc:1    | Reached skill level 12 in Hexes
 16909 | Orc:2    | Entered Level 2 of the Orcish Mines
 16910 | Orc:2    | Found Kibaapla's Armour Shoppe.
 16927 | Orc:1    | Noticed an orc warlord
 16931 | Orc:1    | Paralysed by an orc sorcerer for 5 turns
 16933 | Orc:1    | HP: 2/77 [ogre/+0 giant club (34)]
 16933 | Orc:1    | Killed from afar by an orc sorcerer

Vanquished Creatures
  An azure jelly (IceCv)
  A quicksilver ooze (IceCv)
  8 hydras
  4 catoblepae (Lair:6)
  A two-headed ogre (D:8)
  10 death yaks
  A fire crab (Lair:6)
  A deep troll (Orc:2)
  A lindwurm (Lair:6)
  2 oklob plants
  2 manticores (Lair:6)
  3 black mambas
  5 elephants
  2 ice statues (IceCv)
  2 torpor snails
  A rime drake (Lair:4)
  16 cane toads
  An unseen horror (D:9)
  4 komodo dragons
  2 entropy weaver simulacra (IceCv)
  A tyrant leech (Lair:4)
  A hornet (D:7)
  2 polar bears
  28 slime creatures (IceCv)
  4 blink frogs (Lair:6)
  A wyvern (Lair:6)
  53 yaks
  2 basilisks
  A steam dragon (D:7)
  3 wargs (Orc:1)
  Menkaure (Ossuary)
  2 acid dragons (D:9)
  6 water moccasins
  2 nagas (Lair:3)
  2 demonic crawler simulacra (IceCv)
  10 orc warriors
  An ice beast (D:6)
  3 black bears
  2 sky beasts (D:6)
  An ugly thing simulacrum (IceCv)
  4 wolves (Lair:2)
  6 ogres
  2 centaurs (D:7)
  3 lemures (D:5)
  2 kobold brigands
  4 necrophages
  4 scorpions
  8 bullfrogs
  3 glowing shapeshifter simulacra (IceCv)
  A jelly (D:6)
  A howler monkey (D:7)
  11 orc priests
  4 hounds
  3 iguanas
  Terence (D:3)
  5 orc wizards
  4 mummies
  4 gnolls (D:6)
  5 adders
  2 shadow imps
  15 white imps
  5 worms
  47 orcs
  11 bats
  6 endoplasms
  4 giant cockroaches
  3 gnoll zombies (Ossuary)
  8 goblins
  10 hobgoblins
  6 jackals
  4 quokkas
  9 ball pythons
  6 frilled lizards
  2 gnoll skeletons (Ossuary)
  3 goblin skeletons (Ossuary)
  6 goblin zombies
  8 hobgoblin skeletons (Ossuary)
  4 hobgoblin zombies
  26 kobolds
  3 kobold skeletons (Ossuary)
  8 kobold zombies (Ossuary)
  5 orc skeletons (Ossuary)
  4 orc zombies (Ossuary)
  7 rats
  4 rat skeletons (Ossuary)
  2 rat zombies (Ossuary)
  A bush (Lair:2)
488 creatures vanquished.

Vanquished Creatures (others)
  2 white imps (Lair:6)
  13 fungi
  18 plants
33 creatures vanquished.

Grand Total: 521 creatures vanquished

Table legend:
 A = Non-vault XP
 B = Vault XP
 C = Vault XP percentage of total XP
 D = Non-vault monster count
 E = Vault monster count
 F = Vault count percentage of total count
                 A         B        C        D         E       F
            +---------+---------+-------+---------+---------+-------
      Total |   45386 |   26293 |  36.7 |     304 |     180 |  37.2
            +---------+---------+-------+---------+---------+-------
        D:1 |      38 |       4 |   9.5 |      25 |       2 |   7.4
        D:2 |      70 |       8 |  10.3 |      28 |       3 |   9.7
        D:3 |     165 |     162 |  49.5 |      30 |      13 |  30.2
        D:4 |     146 |     114 |  43.8 |      11 |       7 |  38.9
        D:5 |     609 |       0 |   0.0 |      16 |       0 |   0.0
        D:6 |    1058 |       0 |   0.0 |      24 |       0 |   0.0
        D:7 |    1583 |       0 |   0.0 |      21 |       0 |   0.0
        D:8 |    3277 |       0 |   0.0 |      26 |       0 |   0.0
        D:9 |     768 |     669 |  46.6 |       4 |      22 |  84.6
       D:10 |       3 |       0 |   0.0 |       1 |       0 |   0.0
     Lair:1 |    4744 |       0 |   0.0 |      16 |       0 |   0.0
     Lair:2 |    5528 |     535 |   8.8 |      21 |       1 |   4.5
     Lair:3 |     854 |     295 |  25.7 |       2 |       2 |  50.0
     Lair:4 |    3005 |     437 |  12.7 |       6 |       2 |  25.0
     Lair:5 |    8836 |       0 |   0.0 |      27 |       0 |   0.0
     Lair:6 |   13405 |   10958 |  45.0 |      31 |      33 |  51.6
      Orc:1 |    1297 |       0 |   0.0 |      15 |       0 |   0.0
      Orc:2 |       0 |     683 | 100.0 |       0 |       1 | 100.0
    Ossuary |       0 |     273 | 100.0 |       0 |      54 | 100.0
      IceCv |       0 |   12155 | 100.0 |       0 |      40 | 100.0
            +---------+---------+-------+---------+---------+-------

Illustrated notes

Table legend:
 A = Kills in this place as a percentage of kills in entire the game.
 B = Kills by you in this place as a percentage of kills by you in the entire game.
 C = Kills by friends in this place as a percentage of kills by friends in the entire game.
 D = Other kills in this place as a percentage of other kills in the entire game.
 E = Experience gained in this place as a percentage of experience gained in the entire game.
 F = Experience gained in this place divided by the number of levels of this place that you have seen.
                   A       B       C       D       E      F
               +-------+-------+-------+-------+-------+----------------------
         Total | 100.0 | 100.0 |   N/A |   N/A | 100.0 | 3583.9
       Dungeon |  48.1 |  48.1 |   N/A |   N/A |  12.1 | 867.4
          Lair |  29.1 |  29.1 |   N/A |   N/A |  67.8 | 8099.5
  Orcish Mines |   3.3 |   3.3 |   N/A |   N/A |   2.8 | 990.0
       Ossuary |  11.2 |  11.2 |   N/A |   N/A |   0.4 | 273.0
      Ice Cave |   8.3 |   8.3 |   N/A |   N/A |  17.0 | 12155.0
               +-------+-------+-------+-------+-------+----------------------

Table legend: (Time is in decaauts)
 A = Elapsed time spent in this place.
 B = Non-inter-level travel time spent in this place.
 C = Inter-level travel time spent in this place.
 D = Time resting spent in this place.
 E = Time spent auto-exploring this place.
 F = Levels seen in this place.
 G = Mean time per level.
                   A        B        C        D        E       F      G
               +--------+--------+--------+--------+--------+-----+--------+
         Total |  11568 |  10847 |    721 |   1209 |   6272 |  20 |  578.4 |
       Dungeon |   5478 |   5081 |    397 |    353 |   3332 |  10 |  547.8 |
          Lair |   4528 |   4213 |    315 |    495 |   2473 |   6 |  754.7 |
  Orcish Mines |    185 |    176 |      9 |      0 |    120 |   2 |   92.5 |
       Ossuary |    362 |    362 |      0 |      0 |    164 |   1 |  362.0 |
      Ice Cave |   1013 |   1013 |      0 |    360 |    181 |   1 | 1013.0 |
               +--------+--------+--------+--------+--------+-----+--------+

Top non-repeatable levels by time:
  Lair:6: 1460 daAuts
   IceCv: 1013 daAuts
  Lair:5: 915 daAuts
     D:3: 867 daAuts
  Lair:2: 723 daAuts
     D:6: 723 daAuts
  Lair:4: 708 daAuts
     D:1: 670 daAuts
     D:7: 609 daAuts
     D:9: 567 daAuts
     D:8: 567 daAuts
     D:5: 531 daAuts
     D:2: 500 daAuts
     D:4: 437 daAuts
  Lair:1: 378 daAuts
